Match 38464833
Unlisted

Match 38464833
End
Royal Engineer Section
Selects Indian Artillery Battlegroup
Construct Section Command Post
Infantry Section
Vickers Machine Gun Team
Selects Towed ML 4.2-inch Heavy Mortar
Towed ML 4.2-inch Heavy Mortar
Infantry Section
Construct Platoon Command Post
Humber Armored Car
Selects Valour
BIOHAZARD
Charles_XII
0
0

Comments sign in to comment!

No comments posted yet!